 Dungeon Crawl Stone Soup version 0.27-a0-668-gb5737ff2c0 (webtiles) character file.

Game seed: 5260667151037709484

25 srzhan31 the Vexing (level 2, -1/16 HPs)
             Began as a Deep Elf Arcane Marksman on Mar 18, 2021.
             Slain by a leopard gecko (4 damage)
             ... on level 2 of the Dungeon.
             The game lasted 00:03:12 (1430 turns).

srzhan31 the Vexing (Deep Elf Arcane Marksman)      Turns: 1430, Time: 00:03:13

Health: -1/16      AC:  3    Str:  7    XL:     2   Next: 82%
Magic:  6/6        EV: 12    Int: 17    God:
Gold:   120        SH:  0    Dex: 15    Spells: 3/4 levels left

rFire    . . .     SeeInvis .   a - +0 shortbow
rCold    . . .     Faith    .   (shield currently unavailable)
rNeg     . . .     Spirit   .   e - +0 robe
rPois    .         Reflect  .   (no helmet)
rElec    .         Harm     .   b - +0 cloak
rCorr    .         Rampage  .   (no gloves)
Will     .....                  (no boots)
Stlth    +.........             (no amulet)
HPRegen  0.05/turn              (no ring)
MPRegen  0.10/turn              (no ring)

@: no status effects
A: no striking features
a: no special abilities


You were on level 2 of the Dungeon.
You visited 1 branch of the dungeon, and saw 2 of its levels.

You collected 120 gold pieces.

Inventory:

Hand Weapons
 a - a +0 shortbow (weapon)
Missiles
 d - 31 arrows (quivered ammo)
Armour
 b - a +0 cloak (worn)
 e - a +0 robe (worn)
Scrolls
 c - a scroll of identify {unknown}
 h - a scroll of enchant weapon {unknown}
Potions
 f - a potion of heal wounds {unknown}
 g - a potion of mutation {unknown}


   Skills:
 * Level 1.1 Fighting
 * Level 3.3 Bows
 * Level 0.2 Armour
 * Level 2.6 Dodging
 * Level 0.2 Stealth
 * Level 1.6 Spellcasting
 * Level 0.4 Conjurations
 + Level 4.1 Hexes
 * Level 0.4 Translocations
 * Level 0.2 Evocations


You had 3 spell levels left.
You knew the following spells:

 Your Spells              Type           Power      Damage    Failure   Level
a - Corona                Hex            16%        N/A       3%          1

Your spell library contained the following spells:

 Spells                   Type           Power      Damage    Failure   Level
 Slow                     Hex            15%        N/A       5%          2
 Portal Projectile        Hex/Tloc       18%        N/A       24%         3
 Inner Flame              Hex/Fire       8%         N/A       26%         3
 Cause Fear               Hex            7%         N/A       34%         4
 Leda's Liquefaction      Hex/Erth       4%         N/A       63%         4


Dungeon Overview and Level Annotations

Branches:
Dungeon (2/15)

Altars:
Jiyva


Message History

A kobold comes into view. It is wielding a +0 short sword.
A leopard gecko comes into view.
There are monsters nearby!
Fire: 37 arrows
Press: ? - help, Q - select action, (/) - cycle Shift-Dir - straight line, f - kobold
Aim: a kobold, wielding a +0 short sword and quivering stones (asleep, 98% to hit)
You shoot an arrow. The leopard gecko hisses angrily.
The arrow hits the kobold but does no damage.
Fire: 36 arrows
Press: ? - help, Q - select action, (/) - cycle Shift-Dir - straight line, f/p - kobold
Aim: a kobold, wielding a +0 short sword and quivering stones (51% to hit)
You shoot an arrow. The arrow closely misses the kobold.
The kobold hits you with a +0 short sword.
Fire: 35 arrows
Press: ? - help, Q - select action, (/) - cycle Shift-Dir - straight line, f/p - kobold
Aim: a kobold, wielding a +0 short sword and quivering stones (51% to hit)
You shoot an arrow. The arrow closely misses the kobold.
The kobold hits you with a +0 short sword.
Fire: 34 arrows
Press: ? - help, Q - select action, (/) - cycle Shift-Dir - straight line, f - leopard gecko, p - kobold
Aim: a leopard gecko (44% to hit)
You shoot an arrow. The arrow hits the kobold.
You kill the kobold!
Unknown command.
Fire: 33 arrows
Press: ? - help, Q - select action, (/) - cycle Shift-Dir - straight line, f/p - leopard gecko
Aim: a leopard gecko (44% to hit)
You shoot an arrow.
The arrow hits the leopard gecko but does no damage.
The leopard gecko bites you.
* * * LOW HITPOINT WARNING * * *
The leopard gecko closely misses you.
Fire: 32 arrows
Press: ? - help, Q - select action, (/) - cycle Shift-Dir - straight line, f/p - leopard gecko
Aim: a leopard gecko (44% to hit)
You shoot an arrow. The arrow hits the leopard gecko.
The leopard gecko is almost dead.
The leopard gecko bites you.
You die...

# ### # #(.. ##
# #... . #
#.... .#### #
....###.... #
#(l...# # #@# #
##.## ##
#####...###
#####.
#.....#...#
#.....
#.###...#.#
#.###. #.#
##.##.# #.# ##
#.# .##.# #.# #
#.# #.##.# #.#
# #.#
#.##.########.#
#


You could see a leopard gecko.

Vanquished Creatures
  2 leopard geckos (D:1)
  5 bats
  2 goblins
  3 hobgoblins (D:1)
  3 jackals (D:2)
  A frilled lizard (D:1)
  3 kobolds (D:2)
  2 rats (D:2)
21 creatures vanquished.

Notes
Turn   | Place    | Note
-------+----------+-------------------------------------------
     0 | D:1      | srzhan31 the Deep Elf Arcane Marksman began the quest for
                  | the Orb.
     0 | D:1      | Reached XP level 1. HP: 11/11 MP: 5/5
   306 | D:1      | Found a viscous altar of Jiyva.
   306 | D:1      | Noticed a jelly
   306 | D:1      | Noticed a jelly
   306 | D:1      | Noticed a jelly
   306 | D:1      | Noticed a jelly
   306 | D:1      | Noticed a jelly
   308 | D:1      | Noticed a jelly
   320 | D:1      | Reached XP level 2. HP: 12/16 MP: 6/6
   694 | D:1      | Reached skill level 1 in Fighting
  1430 | D:2      | Slain by a leopard gecko

Illustrated notes

Levels and vault maps discovered:
D:1:      erik_arrival_cave_to_civilisation [erik_arrival_cave_to_temple],
          layout_rooms, minivault_14
D:2:      minmay_inner_zag, layout_loops_ring, grunt_temple_overflow_diamond,
          nemelex_xobeh_ov_fountains_minmay, overflow_temple_1_default,
          chequers_serial_rivers_micro_b, uniq_jessica

Skill      XL: |  1  2 |
---------------+-------+-----
Fighting       | 1 |  1.1
Bows           | 3 |  3.3
Armour         | |  0.2
Dodging        | |  2.6
Stealth        | |  0.2
Spellcasting   | |  1.6
Conjurations   | |  0.4
Hexes          | |  4.1
Translocations | |  0.4
Evocations     | |  0.2

Action                   || total
-------------------------++-------
 Fire: Shortbow          ||    62
 Cast: Corona            ||     1
Armor: Robe              ||    10
Dodge: Dodged            ||    28

Table legend: (Time is in decaauts)
 A = Elapsed time spent in this place.
 B = Non-inter-level travel time spent in this place.
 C = Inter-level travel time spent in this place.
 D = Time resting spent in this place.
 E = Time spent auto-exploring this place.
 F = Levels seen in this place.
 G = Mean time per level.
                   A        B        C        D        E       F      G
               +--------+--------+--------+--------+--------+-----+--------+
         Total |   1440 |   1345 |     95 |      0 |   1164 |   2 |  720.0 |
       Dungeon |   1440 |   1345 |     95 |      0 |   1164 |   2 |  720.0 |
               +--------+--------+--------+--------+--------+-----+--------+

Top non-repeatable levels by time:
     D:1: 888 daAuts
     D:2: 552 daAuts
